[Event "Titled Tuesday Blitz May 16 Late 2023"]
[White "KSho99"]
[Black "Vaglio Munoz, Jaime"]
[BlackFideId "6500145"]
[WhiteElo "2162"]
[BlackElo "2199"]
[Result "0-1"]
[Round "08"]
[TimeControl "180+2"]
[Date "2023.05.16"]
[WhiteClock "0:00:00"]
[BlackClock "0:00:58"]

1. Nf3 c5 2. e4 Qa5 3. Nc3 a6 4. d4 b5 5. dxc5 e6 6. Bd2 b4 7. Ne2 Bxc5 8. Ng3 Qb6 9. Qe2 Nf6 10. e5 Ng4 11. Ne4 Bb7 12. Nxc5 Qxc5 13. c3 Nc6 14. Rc1 Ncxe5 15. Nxe5 Qxe5 16. cxb4 h5 17. Qxe5 Nxe5 18. Bc3 Nc6 19. Bxg7 Rg8 20. Bc3 d5 21. Rg1 d4 22. Bd2 Ne5 23. f4 Ng4 24. h3 Nf6 25. Bd3 Rxg2 26. Rxg2 Bxg2 27. h4 Bd5 28. Ke2 Bxa2 29. Rc7 Bd5 30. b5 axb5 31. Bxb5+ Kf8 32. b4 Ra2 33. Bd3 Ne4 34. Bxe4 Bxe4 35. b5 Rb2 36. Rc5 Bf5 37. Kd1 Rb1+ 38. Ke2 Rb2 39. Kd1 Ke7 40. Ke2 Kd6 41. Rc8 Kd5 42. Rb8 Ke4 43. b6 Bg4+ 44. Ke1 Rb1+ 45. Kf2 Rb2 46. b7 Rxd2+ 47. Kg3 Rd3+ 48. Kf2 Rf3+ 49. Kg2 Rb3 0-1


[Site "https://www.chess.com"]

[Event "Titled Tuesday Blitz May 16 Late 2023"]
[White "Goswami, Vedant"]
[Black "ritanovikova"]
[WhiteFideId "5003725"]
[WhiteElo "2011"]
[BlackElo "2144"]
[Result "1-0"]
[Round "08"]
[TimeControl "180+2"]
[Date "2023.05.16"]
[WhiteClock "0:00:15"]
[BlackClock "0:00:00"]

1. d4 e5 2. e3 exd4 3. exd4 d5 4. Nf3 Nf6 5. Ne5 Bd6 6. Bd3 h6 7. O-O O-O 8. Re1 Re8 9. Bf4 Nbd7 10. Nd2 Nf8 11. Qf3 c5 12. dxc5 Bxc5 13. Nb3 Bb4 14. c3 Bd6 15. Rad1 Qc7 16. Nxf7 Rxe1+ 17. Rxe1 Bxf4 18. g3 Bg4 19. Qg2 Qxf7 20. gxf4 Bh5 21. Nd4 Re8 22. Re5 Rxe5 23. fxe5 Ne4 24. Bxe4 dxe4 25. Qxe4 Qg6+ 26. Qxg6 Bxg6 27. e6 Be8 28. f4 g6 29. f5 gxf5 30. e7 Ng6 31. Nxf5 h5 32. Nd6 Bf7 33. e8=Q+ Bxe8 34. Nxe8 Ne5 35. Nd6 b6 36. Nc8 a5 37. Nxb6 Nd3 38. b3 Nc1 39. Nc4 a4 40. bxa4 Nxa2 41. a5 Nxc3 42. Nd6 Nd5 43. a6 Nb6 44. Kf2 Kf8 45. Kg3 Ke7 46. Nb5 Kf6 47. Nc7 1-0


[Site "https://www.chess.com"]

[Event "Titled Tuesday Blitz May 16 Late 2023"]
[White "Torres Dominguez, David"]
[Black "Skaric, Djuro"]
[WhiteFideId "2220857"]
[BlackFideId "934569"]
[WhiteElo "1999"]
[BlackElo "2282"]
[Result "1-0"]
[Round "08"]
[TimeControl "180+2"]
[Date "2023.05.16"]
[WhiteClock "0:00:34"]
[BlackClock "0:00:28"]

1. e4 e6 2. d4 d5 3. exd5 exd5 4. Bd3 Bd6 5. Qf3 Ne7 6. Bf4 Nbc6 7. Ne2 Ng6 8. Bxd6 Qxd6 9. O-O O-O 10. Nbc3 Nb4 11. Rac1 Nxd3 12. Qxd3 c6 13. Rfe1 Bd7 14. a3 Rae8 15. Qg3 Qe7 16. h3 f5 17. Nf4 Qxe1+ 18. Rxe1 Rxe1+ 19. Kh2 Ne7 20. Nce2 g6 21. Qe3 Nc8 22. Qd2 Ra1 23. Nd3 Nd6 24. f3 Re8 25. Ne5 Bc8 26. b3 Nf7 27. f4 Rxa3 28. Nc1 a5 29. Ncd3 Ra2 30. Nxf7 Kxf7 31. Ne5+ Kg7 32. Qc3 h6 33. h4 Be6 34. Qc5 a4 35. bxa4 Rxa4 36. Qb6 Re7 37. Qb3 Ra6 38. Kh3 Kf6 39. Qg3 Bf7 40. Qc3 g5 41. hxg5+ hxg5 42. fxg5+ Kxg5 43. Qg3+ Kf6 44. Qh4+ Ke6 45. Qh6+ Bg6 46. Qxg6# 1-0


[Site "https://www.chess.com"]

[Event "Titled Tuesday Blitz May 16 Late 2023"]
[White "Kujawski, Adam"]
[Black "Levar, Nenad"]
[WhiteFideId "1100920"]
[BlackFideId "14504430"]
[WhiteElo "2054"]
[BlackElo "2095"]
[Result "1/2-1/2"]
[Round "08"]
[TimeControl "180+2"]
[Date "2023.05.16"]
[WhiteClock "0:00:03"]
[BlackClock "0:00:15"]

1. e4 e5 2. Nf3 Nc6 3. Bb5 a6 4. Ba4 Nf6 5. O-O Be7 6. Re1 b5 7. Bb3 d6 8. c3 O-O 9. h3 Bb7 10. d4 Re8 11. a4 h6 12. Bc2 Bf8 13. d5 Nb8 14. axb5 axb5 15. Rxa8 Bxa8 16. b3 Nbd7 17. c4 bxc4 18. bxc4 c6 19. Be3 cxd5 20. cxd5 Bb7 21. Bd3 Qa5 22. Qd2 Qxd2 23. Nbxd2 Ra8 24. Rb1 Ba6 25. Bxa6 Rxa6 26. Ne1 g5 27. Kf1 Ra2 28. f3 Nh5 29. Nd3 Nf4 30. Nb4 Ra3 31. Bf2 Nc5 32. Bxc5 dxc5 33. Nc6 Rd3 34. Nc4 Rc3 35. N4xe5 c4 36. Rb8 Kg7 37. Rb7 Rc1+ 38. Kf2 Bc5+ 39. Kg3 Ne2+ 40. Kg4 Rg1 41. Rxf7+ Kg8 42. Ne7+ Bxe7 43. Rxe7 Rxg2+ 44. Kf5 c3 45. Kg6 Nf4+ 46. Kf6 Nh5+ 47. Ke6 Nf4+ 48. Kf6 c2 49. Rc7 Nh5+ 50. Kg6 Nf4+ 51. Kxh6 Rd2 52. Kxg5 Ne2 53. d6 c1=Q 54. Rxc1 Nxc1 55. Kf6 Ne2 56. d7 Nf4 57. Ke7 Nxh3 58. d8=Q+ Rxd8 59. Kxd8 Kf8 60. Kd7 Ng5 61. Kd6 Ke8 62. Kd5 Nh3 63. Nd3 Ng5 64. f4 Nf7 65. f5 Ng5 66. e5 Ke7 67. Nf4 Nf3 68. Ke4 Nd2+ 69. Ke3 Nc4+ 70. Kd4 Nd2 71. Nd5+ Kd7 72. f6 Ke6 73. Nf4+ Kf7 74. Kd5 Nf3 75. Kd6 Ng5 76. Nd5 Ne6 77. Ne7 Nf4 78. Nd5 Ng6 79. Nc7 Nf8 80. Nd5 Ng6 81. Ne3 Nf8 82. Nf5 Ng6 83. Kd5 Nf8 84. Nd6+ Kg6 85. Ke4 Ne6 86. Nc4 Kf7 87. Ne3 Ng5+ 88. Kf5 Ne6 89. Ng2 Nd4+ 90. Ke4 Ne6 91. Nf4 Nc5+ 92. Kf5 Nb7 93. e6+ Ke8 94. Kg6 Nd6 95. Kg7 Nf5+ 96. Kg8 Nh6+ 97. Kh7 Ng4 98. Ng6 Nxf6+ 99. Kg7 Nd5 100. Kg8 Kd8 101. Kf8 Kc7 102. Nf4 Nxf4 103. Kf7 Nxe6 1/2-1/2


[Site "https://www.chess.com"]

[Event "Titled Tuesday Blitz May 16 Late 2023"]
[White "KorolDimitriy75"]
[Black "dorpato"]
[WhiteElo "2428"]
[BlackElo "2022"]
[Result "0-1"]
[Round "08"]
[TimeControl "180+2"]
[Date "2023.05.16"]
[WhiteClock "0:00:00"]
[BlackClock "0:01:12"]

1. d4 Nf6 2. c4 g6 3. Nc3 d5 4. cxd5 Nxd5 5. e4 Nxc3 6. bxc3 Bg7 7. Nf3 O-O 8. Be2 c5 9. Rb1 cxd4 10. cxd4 Nc6 11. d5 Ne5 12. Nxe5 Bxe5 13. O-O b6 14. Bh6 Bg7 15. Bxg7 Kxg7 16. Qd4+ Kg8 17. f4 e6 18. Bc4 Bb7 19. f5 exd5 20. exd5 Qd6 21. Rbd1 Rac8 22. Bb3 Rc5 23. f6 Rd8 24. Rf3 a5 25. Qh4 Qf8 26. Rh3 h5 27. Qg5 a4 28. Bxa4 Rcxd5 29. Rxd5 Rxd5 30. Qf4 Qc5+ 31. Re3 Rf5 0-1


[Site "https://www.chess.com"]

[Event "Titled Tuesday Blitz May 16 Late 2023"]
[White "Alexikov, Alexander"]
[Black "Chessadiction1990"]
[WhiteFideId "14103958"]
[WhiteElo "2186"]
[BlackElo "2138"]
[Result "1-0"]
[Round "08"]
[TimeControl "180+2"]
[Date "2023.05.16"]
[WhiteClock "0:01:23"]
[BlackClock "0:00:00"]

1. e4 c5 2. Nf3 d6 3. d4 cxd4 4. Nxd4 Nf6 5. Nc3 g6 6. Be3 Bg7 7. f3 O-O 8. Qd2 Nc6 9. O-O-O d5 10. Qe1 e5 11. Nxc6 bxc6 12. exd5 Nxd5 13. Bc4 Be6 14. Ne4 f5 15. Ng5 Qf6 16. Nxe6 Qxe6 17. Bc5 Rfd8 18. Bb3 Kh8 19. h4 Qf6 20. h5 g5 21. h6 Bxh6 22. Bxd5 Rxd5 23. Rxd5 cxd5 24. Rxh6 Qxh6 25. Qxe5+ Qg7 26. Qxd5 Rf8 27. Bd4 1-0


[Site "https://www.chess.com"]

[Event "Titled Tuesday Blitz May 16 Late 2023"]
[White "ibove"]
[Black "Manu_ChessExcelsior"]
[WhiteElo "2274"]
[BlackElo "2057"]
[Result "1-0"]
[Round "08"]
[TimeControl "180+2"]
[Date "2023.05.16"]
[WhiteClock "0:01:15"]
[BlackClock "0:00:00"]

1. d4 d5 2. Nf3 e6 3. Bf4 c5 4. c3 Nc6 5. e3 Qb6 6. Qb3 c4 7. Qc2 Nf6 8. Nbd2 Be7 9. Be2 O-O 10. O-O Ne8 11. h3 Bd6 12. Bxd6 Nxd6 13. b3 cxb3 14. axb3 a6 15. Rab1 Bd7 16. e4 dxe4 17. Nxe4 Nxe4 18. Qxe4 Ne7 19. Bd3 Nf5 20. c4 g6 21. g4 Nd6 22. Qf4 f6 23. c5 e5 24. Qh6 Nf7 25. Qxg6+ hxg6 26. cxb6 Bc6 27. Nh4 e4 28. Bc4 Kg7 29. d5 Bd7 30. Rbe1 Ng5 31. Kh2 Rh8 32. Kg3 Rh7 33. f4 exf3 34. Nxf3 Rxh3+ 35. Kg2 Bxg4 36. Nxg5 fxg5 37. Re7+ Kh6 38. d6 Rh8 39. Rff7 Bf5 40. Rxf5 gxf5 41. Kxh3 Kg6+ 42. Kg3 f4+ 43. Kf3 Kf5 44. Rxb7 g4+ 45. Kg2 f3+ 46. Kg1 g3 47. Rf7+ Ke5 48. Rxf3 Kxd6 49. Rxg3 Kc6 50. Rg6+ Kc5 51. Bxa6 1-0


[Site "https://www.chess.com"]

[Event "Titled Tuesday Blitz May 16 Late 2023"]
[White "Milovic, Aleksandra"]
[Black "Escalante Ramirez, Rafael"]
[WhiteFideId "933988"]
[BlackFideId "3900177"]
[WhiteElo "2000"]
[BlackElo "2244"]
[Result "1-0"]
[Round "08"]
[TimeControl "180+2"]
[Date "2023.05.16"]
[WhiteClock "0:00:03"]
[BlackClock "0:00:00"]

1. e4 c5 2. Nf3 e6 3. d4 cxd4 4. Nxd4 a6 5. Nc3 Qc7 6. Be2 b5 7. a3 Bb7 8. O-O Nf6 9. f3 Bd6 10. g3 Be7 11. Be3 d6 12. Kg2 Nbd7 13. Qd2 Rc8 14. Rad1 Nb6 15. Rfe1 O-O 16. h4 Nc4 17. Bxc4 Qxc4 18. Rh1 Rfd8 19. g4 b4 20. axb4 Qxb4 21. g5 Nd7 22. Kh3 Ne5 23. Nd5 Qxd2 24. Nxe7+ Kf8 25. Rxd2 Kxe7 26. b3 Rc3 27. Re1 Rdc8 28. Kg3 g6 29. f4 Nd7 30. Kf2 Bxe4 31. Ree2 Nc5 32. b4 Nd7 33. Ke1 Bb7 34. Kd1 Ra3 35. Kc1 Ra1+ 36. Kb2 Rh1 37. Bf2 Nb6 38. Kb3 Bd5+ 39. Kb2 Nc4+ 40. Kc3 Nxd2+ 41. Kxd2 Rh2 42. Be1 Rxe2+ 43. Nxe2 Rc4 44. c3 Be4 45. Nd4 Rc8 46. Ke3 Bd5 47. Bf2 Bc4 48. Kd2 Kd7 49. Be1 Ra8 50. Bf2 a5 51. bxa5 Rxa5 52. Ke3 Ra3 53. Kd2 Ra2+ 54. Ke3 Bd5 55. Be1 e5 56. fxe5 dxe5 57. Nb5 Rb2 58. Na3 Rh2 59. Bg3 Rh3 60. Kf2 Rh1 61. c4 Bc6 62. Nc2 Rc1 63. Ne3 Ke6 64. Bh2 Rc3 65. Bg3 Bb7 66. Ke2 Ba6 67. Kd2 Ra3 68. c5 Bb7 69. Be1 Ra2+ 70. Kd3 Rh2 71. Bc3 e4+ 72. Kd4 Re2 73. Kc4 Rxe3 74. Bd4 Rd3 75. Bf2 Rd2 76. Be1 Re2 77. Bb4 Bc6 78. Ba5 Rh2 79. Kd4 Rxh4 80. Ke3 Rg4 81. Bd8 Rg3+ 82. Kf2 Rf3+ 83. Ke2 Kf5 84. Bf6 Kg4 85. Bd8 Rh3 86. Be7 Rh2+ 87. Ke3 Rh3+ 88. Kd4 e3 89. Kd3 Rg3 90. Ke2 Rh3 91. Bd6 Kf5 92. Be7 Ke4 93. Bd6 Rh4 94. Be7 Rh2+ 95. Ke1 Kf3 96. Kd1 1-0


[Site "https://www.chess.com"]

[Event "Titled Tuesday Blitz May 16 Late 2023"]
[White "Horokoskii"]
[Black "Ward, Ieuan C"]
[BlackFideId "406627"]
[WhiteElo "2156"]
[BlackElo "2281"]
[Result "1-0"]
[Round "08"]
[TimeControl "180+2"]
[Date "2023.05.16"]
[WhiteClock "0:00:14"]
[BlackClock "0:00:13"]

1. d4 Nf6 2. c4 e6 3. Nf3 Bb4+ 4. Bd2 a5 5. a3 Bxd2+ 6. Nbxd2 O-O 7. g3 d5 8. Bg2 c6 9. O-O Nbd7 10. Qc2 Re8 11. Rfd1 Qe7 12. e4 dxe4 13. Nxe4 Nxe4 14. Qxe4 Rb8 15. Rd2 Nf6 16. Qe2 b5 17. Ne5 Qc7 18. Bxc6 Rd8 19. Bxb5 Bb7 20. a4 Qd6 21. c5 Qd5 22. c6 Ba8 23. Qf3 Qd6 24. Rc1 Rdc8 25. h4 h6 26. Ng4 Nxg4 27. Qxg4 Bxc6 28. Rdc2 Bb7 29. Rxc8+ Rxc8 30. Rxc8+ Bxc8 31. Qe4 Qc7 32. Qc6 Qxc6 33. Bxc6 Kf8 34. f4 Ke7 35. Kf2 Kd6 36. Be8 f6 37. Ke3 e5 38. dxe5+ fxe5 39. Bb5 Kd5 40. fxe5 Kxe5 41. Be8 Be6 42. Bb5 Bb3 43. Kf3 Kf5 44. Bd3+ Kf6 45. Bb5 g5 46. Kg4 gxh4 47. Kxh4 Kg7 48. Kh5 Ba2 49. Kg4 Bb3 50. Kf5 Ba2 51. Bd7 Bb3 52. Ke5 Kg6 53. Kd4 Kg5 54. Kc5 h5 55. Kb6 Bc2 56. Kxa5 Bf5 57. Bxf5 Kxf5 58. Kb6 Kg4 59. a5 Kxg3 60. a6 h4 61. a7 h3 62. a8=Q 1-0


[Site "https://www.chess.com"]

[Event "Titled Tuesday Blitz May 16 Late 2023"]
[White "Curtis, John"]
[Black "Howell, David W L"]
[WhiteFideId "3200256"]
[BlackFideId "410608"]
[WhiteElo "2203"]
[BlackElo "2567"]
[Result "0-1"]
[Round "08"]
[TimeControl "180+2"]
[Date "2023.05.16"]
[WhiteClock "0:00:00"]
[BlackClock "0:00:08"]

1. d4 f5 2. Nf3 Nf6 3. g3 d6 4. Bg2 g6 5. O-O Bg7 6. c4 O-O 7. Nc3 c6 8. d5 Na6 9. Nd4 c5 10. Nc2 Nc7 11. a4 Rb8 12. Na3 e5 13. dxe6 Bxe6 14. Bf4 Nfe8 15. Qd3 g5 16. Bd2 a6 17. Rad1 h6 18. b3 Qe7 19. Rfe1 b6 20. Nc2 Kh8 21. Ne3 Qf7 22. Ned5 Nxd5 23. Bxd5 Nc7 24. Bg2 Rbd8 25. Nd5 Nxd5 26. Bxd5 Bxd5 27. cxd5 a5 28. f3 Rde8 29. Kg2 Re7 30. e3 g4 31. fxg4 fxg4 32. Rf1 Qe8 33. Rxf8+ Qxf8 34. Rf1 Rf7 35. Rf4 Be5 36. Rf1 Kg7 37. e4 h5 38. Rxf7+ Qxf7 39. Qf1 Qg6 40. Qe2 Kf7 41. Be1 Ke7 42. Bf2 Kd8 43. Be1 Kc7 44. Bd2 Kb7 45. Be1 Qh7 46. Bf2 Qf7 47. Qd3 Qe8 48. Be3 b5 49. axb5 Kb6 50. Qf1 Qxb5 0-1


[Site "https://www.chess.com"]

[Event "Titled Tuesday Blitz May 16 Late 2023"]
[White "Powell, Paul"]
[Black "Hnydiuk, Aleksander"]
[WhiteFideId "2005840"]
[BlackFideId "1109057"]
[WhiteElo "2093"]
[BlackElo "2374"]
[Result "0-1"]
[Round "08"]
[TimeControl "180+2"]
[Date "2023.05.16"]
[WhiteClock "0:00:00"]
[BlackClock "0:00:04"]

1. d4 Nf6 2. Nf3 e6 3. Bf4 b6 4. e3 Nh5 5. Bg5 f6 6. Bh4 Bb7 7. Be2 g6 8. O-O Ng7 9. Bd3 g5 10. Bg3 h5 11. h3 Nf5 12. c4 g4 13. Nh4 Nxg3 14. Bg6+ Ke7 15. fxg3 Bh6 16. Qe2 f5 17. Bxf5 exf5 18. Nxf5+ Ke8 19. Nc3 Qg5 20. Nxh6 Qxh6 21. Rf5 Nc6 22. Raf1 Ne7 23. Rf6 Qg5 24. h4 Qg7 25. Nb5 Rc8 26. Nxa7 Ra8 27. Nb5 Rc8 28. d5 d6 29. b4 Kd7 30. Rf7 Qe5 31. Nd4 Rce8 32. Qf2 Kc8 33. b5 Kb8 34. Nc6+ Nxc6 35. bxc6 Bc8 36. Re1 Qe4 37. Rf4 Qe7 38. e4 Rhf8 39. Rxf8 Rxf8 40. Qe2 Qe5 41. Rf1 Rxf1+ 42. Qxf1 Qxg3 43. Qf2 Qxf2+ 44. Kxf2 Ba6 45. a3 Bxc4 46. g3 Kc8 47. Ke3 Kd8 48. Kd4 b5 49. Ke3 Ke7 50. Kf4 Kf6 51. Ke3 Bb3 52. Kf4 Ba4 53. Ke3 Ke5 54. Kd3 Bb3 55. Ke3 Bc2 0-1


[Site "https://www.chess.com"]

[Event "Titled Tuesday Blitz May 16 Late 2023"]
[White "Einarsson, Halldor Gretar"]
[Black "Stead, Kerry"]
[WhiteFideId "2300150"]
[BlackFideId "3202577"]
[WhiteElo "2110"]
[BlackElo "1997"]
[Result "1-0"]
[Round "08"]
[TimeControl "180+2"]
[Date "2023.05.16"]
[WhiteClock "0:01:39"]
[BlackClock "0:00:26"]

1. d4 c5 2. d5 f5 3. g4 fxg4 4. e4 d6 5. h3 gxh3 6. Nxh3 Nf6 7. Ng5 h6 8. Bd3 Rg8 9. Ne6 Bxe6 10. dxe6 Qb6 11. e5 g5 12. exf6 exf6 13. Qh5+ Kd8 14. Qf7 Rh8 15. Qxf6+ 1-0


[Site "https://www.chess.com"]

[Event "Titled Tuesday Blitz May 16 Late 2023"]
[White "Joubert, Dantelle"]
[Black "Kowalysko, Roman"]
[WhiteFideId "14310813"]
[BlackFideId "30918510"]
[WhiteElo "1507"]
[BlackElo "2187"]
[Result "0-1"]
[Round "08"]
[TimeControl "180+2"]
[Date "2023.05.16"]
[WhiteClock "0:00:01"]
[BlackClock "0:00:42"]

1. d4 Nf6 2. c4 e5 3. dxe5 Ng4 4. Nf3 Nc6 5. Bf4 Bb4+ 6. Nc3 Bxc3+ 7. bxc3 Qe7 8. Qd5 f6 9. exf6 Nxf6 10. Qd3 O-O 11. e3 d6 12. Be2 Ne4 13. O-O Nc5 14. Qd2 Ne4 15. Qd5+ Qe6 16. Rfc1 Ne7 17. Qxe6+ Bxe6 18. Bd3 Nc5 19. Be2 Ng6 20. Bg3 Rae8 21. Nd4 Bc8 22. Nb5 Re7 23. Nxa7 Ne5 24. Nxc8 Rxc8 25. Bxe5 Rxe5 26. Rab1 b6 27. Bf3 g5 28. h3 Kg7 29. Rd1 Ne4 30. Bxe4 Rxe4 31. Rd4 Re5 32. Rb5 Ra8 33. Rxe5 dxe5 34. Rd7+ Kg8 35. Rxc7 Rxa2 36. Rc6 Ra4 37. Rxb6 Rxc4 38. Rb3 Kf7 39. Kf1 Kf6 40. f3 e4 41. Ke2 exf3+ 42. gxf3 h6 43. Kd3 Ra4 44. Rb6+ Kg7 45. e4 Ra1 46. c4 Rd1+ 47. Ke3 Rh1 48. c5 Kf7 49. Rxh6 Ke7 50. c6 Kd8 51. Kf2 Kc7 52. Kg2 Rc1 53. Kf2 Rh1 54. Kg2 Rc1 55. Kg3 Rg1+ 56. Kf2 Rc1 57. Ke3 Rh1 58. Kd4 Rf1 59. Ke3 Rc1 60. Rh5 Rh1 61. Kd4 Rd1+ 62. Ke5 Kxc6 63. Rxg5 Rh1 64. Rg3 Kd7 65. f4 Ke7 66. f5 Kf7 67. Kf4 Ra1 68. Kg4 Ra4 69. Re3 Kf6 70. h4 Ke5 71. Kg5 Ra1 72. h5 Rg1+ 73. Kh6 Kf6 74. Rf3 Rg8 75. e5+ Kf7 76. e6+ Kf6 77. Rg3 Rh8# 0-1


[Site "https://www.chess.com"]

[Event "Titled Tuesday Blitz May 16 Late 2023"]
[White "Winkels, Marcel"]
[Black "Dmitriev, Sergey"]
[WhiteFideId "1003887"]
[BlackFideId "14101785"]
[WhiteElo "1900"]
[BlackElo "2132"]
[Result "1-0"]
[Round "08"]
[TimeControl "180+2"]
[Date "2023.05.16"]
[WhiteClock "0:00:05"]
[BlackClock "0:00:00"]

1. d4 d6 2. Nc3 g6 3. e4 Bg7 4. h4 h5 5. Nf3 Bg4 6. Be2 Nf6 7. Ng5 Bxe2 8. Qxe2 O-O 9. Be3 e5 10. f3 Nc6 11. d5 Nd4 12. Qd2 c5 13. dxc6 Nxc6 14. O-O Qe7 15. Rad1 Rfd8 16. Ne2 Rac8 17. c3 Na5 18. b3 Rd7 19. Bxa7 Nc6 20. Bb6 Ra8 21. a4 Bh6 22. Be3 Na5 23. Qc2 Nh7 24. b4 Nc4 25. Bc1 Nxg5 26. hxg5 Bxg5 27. f4 exf4 28. Nxf4 Bxf4 29. Bxf4 Ne5 30. Rd5 Ng4 31. Rfd1 Qh4 32. Qd2 Rad8 33. g3 Qh3 34. Qg2 Qxg2+ 35. Kxg2 f6 36. Kf3 g5 37. Bxd6 Nh2+ 38. Kg2 Ng4 39. R1d3 Kf7 40. Bc5 Ke6 41. Rxd7 Rxd7 42. Rxd7 Kxd7 43. Kf3 Ne5+ 44. Ke3 Ng4+ 45. Kd3 Ne5+ 46. Kc2 Nc4 47. Kb3 Ne5 48. b5 Nd3 49. Bd4 Ne1 50. Bxf6 g4 51. Bg5 Nd3 52. Be3 Ne5 53. Bf4 Nf7 54. e5 Nd8 55. a5 Kc8 56. Kb4 Ne6 57. c4 Nd4 58. c5 Nc2+ 59. Ka4 Ne1 60. b6 Nd3 61. Bg5 h4 62. Bxh4 1-0


[Site "https://www.chess.com"]

[Event "Titled Tuesday Blitz May 16 Late 2023"]
[White "Sanchez, Robert"]
[Black "Tarnowska, Aleksandra"]
[WhiteFideId "2034360"]
[BlackFideId "1180967"]
[WhiteElo "1859"]
[BlackElo "1776"]
[Result "0-1"]
[Round "08"]
[TimeControl "180+2"]
[Date "2023.05.16"]
[WhiteClock "0:00:34"]
[BlackClock "0:00:04"]

1. Nf3 d5 2. e3 Nf6 3. c4 c6 4. Nc3 Nbd7 5. d4 e6 6. Bd3 Bb4 7. O-O O-O 8. a3 Bd6 9. e4 e5 10. exd5 cxd5 11. Nxd5 e4 12. Bc2 exf3 13. Qxf3 Nxd5 14. Qxd5 Nf6 15. Qf3 Bg4 16. Qb3 Qc7 17. h3 Bh5 18. Bg5 Nd7 19. Rfe1 Bg6 20. Bxg6 hxg6 21. h4 Rfe8 22. Qf3 b6 23. b3 Nf8 24. a4 Ne6 25. Be3 Bb4 26. Red1 Rad8 27. h5 gxh5 28. Qxh5 Nf4 29. Qf3 Ng6 30. d5 Bc5 31. Bg5 Rd7 32. Re1 Qc8 33. Qf5 Rc7 34. Rxe8+ Qxe8 35. Rd1 Qd7 36. Qf3 Rc8 37. Bd2 Re8 38. Bc3 Ne5 39. Qe2 Bd6 40. Qe4 Qg4 41. Qxg4 Nxg4 42. g3 Re2 43. Rf1 Bc5 44. Kg2 Nxf2 45. Kf3 Rc2 46. Be5 Nd3 47. Bb8 f6 0-1


[Site "https://www.chess.com"]

[Event "Titled Tuesday Blitz May 16 Late 2023"]
[White "Barria Santos, Jose Guilherme"]
[Black "Vargas, Mauricio"]
[WhiteFideId "1939300"]
[BlackFideId "4404572"]
[WhiteElo "2266"]
[BlackElo "1986"]
[Result "1-0"]
[Round "08"]
[TimeControl "180+2"]
[Date "2023.05.16"]
[WhiteClock "0:02:13"]
[BlackClock "0:00:00"]

1. d4 d5 2. f3 g6 3. e3 Bg7 4. c3 Nf6 5. b3 Nbd7 6. a3 e5 7. g3 exd4 8. cxd4 O-O 9. h3 Re8 10. Kf2 c6 11. Bd3 Qc7 12. Ne2 Nh5 13. Nd2 Bh6 14. Nf1 Nf8 15. g4 Nf6 16. Nfg3 Bd7 17. Nf4 Bxf4 18. exf4 Qb6 19. Be2 Re7 20. f5 Rae8 21. Bg5 Rxe2+ 22. Nxe2 Ne4+ 23. fxe4 dxe4 24. Be3 gxf5 25. gxf5 1-0


[Site "https://www.chess.com"]

[Event "Titled Tuesday Blitz May 16 Late 2023"]
[White "Osmonbekov, Talaibek"]
[Black "Talbi, Chafik"]
[WhiteFideId "2017253"]
[BlackFideId "7903715"]
[WhiteElo "2135"]
[BlackElo "2186"]
[Result "1-0"]
[Round "08"]
[TimeControl "180+2"]
[Date "2023.05.16"]
[WhiteClock "0:01:28"]
[BlackClock "0:01:10"]

1. d4 c6 2. Bf4 g6 3. Nc3 d6 4. e4 Bg7 5. h4 Nf6 6. Be2 Qa5 7. f3 Nbd7 8. Qd2 h6 9. O-O-O b5 10. a3 Qb6 11. Kb1 a5 12. e5 dxe5 13. dxe5 Nh5 14. e6 fxe6 15. Bd3 Nxf4 16. Qxf4 Nf8 17. Nge2 b4 18. Na4 Qb8 19. Qg4 bxa3 20. Bxg6+ Nxg6 21. Qxg6+ Kf8 22. Rd8# 1-0


[Site "https://www.chess.com"]

[Event "Titled Tuesday Blitz May 16 Late 2023"]
[White "Bortnyk, Olexandr"]
[Black "Caruana, Fabiano"]
[WhiteFideId "14120828"]
[BlackFideId "2020009"]
[WhiteElo "2734"]
[BlackElo "2837"]
[Result "1-0"]
[Round "09"]
[TimeControl "180+2"]
[Date "2023.05.16"]
[WhiteClock "0:00:06"]
[BlackClock "0:00:10"]

1. d4 Nf6 2. Nc3 d5 3. Bf4 c5 4. e4 cxd4 5. Qxd4 Nc6 6. Bb5 Bd7 7. Bxc6 Bxc6 8. e5 Ne4 9. e6 fxe6 10. Nf3 Qb6 11. Qxb6 axb6 12. Nxe4 dxe4 13. Nd4 Kf7 14. O-O g6 15. Be5 Bg7 16. Bxg7 Kxg7 17. Rfe1 Bd5 18. b3 e5 19. Nb5 Bc6 20. Nc3 Rhd8 21. Re2 Rd4 22. h3 b5 23. Rae1 Kf6 24. Ra1 b4 25. Nd1 h5 26. Ne3 b5 27. h4 Bd7 28. Ree1 Be6 29. Rec1 Rd2 30. Kf1 g5 31. hxg5+ Kxg5 32. Ke1 Rd6 33. Rd1 h4 34. Rd2 Kf6 35. Ke2 Bf7 36. Rh1 Bh5+ 37. g4 Bg6 38. Rxh4 Rxa2 39. Rh8 Kg5 40. Rb8 Ra5 41. Rb7 Kf6 42. Nd5+ Ke6 43. Rxe7# 1-0


[Site "https://www.chess.com"]

[Event "Titled Tuesday Blitz May 16 Late 2023"]
[White "Andreikin, Dmitry"]
[Black "Hakobyan, Aram"]
[WhiteFideId "4158814"]
[BlackFideId "13306677"]
[WhiteElo "2736"]
[BlackElo "2584"]
[Result "0-1"]
[Round "09"]
[TimeControl "180+2"]
[Date "2023.05.16"]
[WhiteClock "0:00:00"]
[BlackClock "0:00:29"]

1. d4 Nf6 2. Bg5 d5 3. Nd2 c5 4. dxc5 e6 5. e4 h6 6. Bh4 Bxc5 7. Qe2 Nc6 8. O-O-O Be7 9. f4 Qa5 10. a3 dxe4 11. Bxf6 Bxf6 12. Nxe4 Be7 13. Nd6+ Bxd6 14. Rxd6 Qc7 15. Qd2 O-O 16. Nf3 b6 17. Bd3 Rd8 18. Rxd8+ Nxd8 19. Rd1 Bb7 20. Qe3 Nc6 21. g4 Ne7 22. Ne5 Rd8 23. g5 hxg5 24. fxg5 Nf5 25. Bxf5 Rxd1+ 26. Kxd1 exf5 27. Qd4 Be4 28. c3 Qc8 29. h4 Qe8 30. Kd2 Qb5 31. h5 Qxb2+ 32. Kd1 Qc2+ 33. Ke1 Qc1+ 34. Ke2 Qxg5 35. Qd7 Qg2+ 36. Ke3 Qg3+ 37. Kd4 Qf2+ 38. Kc4 Qc5+ 39. Kb3 Qxe5 0-1


[Site "https://www.chess.com"]

[Event "Titled Tuesday Blitz May 16 Late 2023"]
[White "Makarian, Rudik"]
[Black "Bluebaum, Matthias"]
[WhiteFideId "44105681"]
[BlackFideId "24651516"]
[WhiteElo "2461"]
[BlackElo "2639"]
[Result "0-1"]
[Round "09"]
[TimeControl "180+2"]
[Date "2023.05.16"]
[WhiteClock "0:00:08"]
[BlackClock "0:00:28"]

1. d4 d5 2. c4 e6 3. Nf3 Nf6 4. g3 Nc6 5. Bg2 Bd6 6. O-O O-O 7. Qc2 dxc4 8. Rd1 b5 9. Ne5 Nb4 10. Qd2 c6 11. a4 Rb8 12. axb5 cxb5 13. Rxa7 Qb6 14. Ra1 Bb7 15. Nc3 Bxg2 16. Kxg2 Rfd8 17. Nf3 Qc6 18. Qg5 Nc2 19. Ra5 h6 20. Qh4 Be7 21. Ra7 Rb7 22. Rxb7 Qxb7 23. Qf4 b4 24. Nb1 g5 25. Qd2 Rxd4 26. Qxc2 b3 27. Qc3 Rxd1 28. h3 Qe4 29. Na3 Qxe2 0-1


[Site "https://www.chess.com"]

[Event "Titled Tuesday Blitz May 16 Late 2023"]
[White "Sarana, Alexey"]
[Black "Mihajlov, Sebastian"]
[WhiteFideId "24133795"]
[BlackFideId "1512110"]
[WhiteElo "2714"]
[BlackElo "2478"]
[Result "0-1"]
[Round "09"]
[TimeControl "180+2"]
[Date "2023.05.16"]
[WhiteClock "0:00:00"]
[BlackClock "0:00:01"]

1. d4 Nf6 2. c4 g6 3. Nc3 Bg7 4. e4 O-O 5. Bd3 d6 6. Nge2 Nc6 7. O-O e5 8. d5 Ne7 9. f3 Nd7 10. Kh1 f5 11. exf5 Nxf5 12. Ne4 h6 13. Bd2 Nf6 14. Qc2 Nxe4 15. Bxe4 g5 16. c5 Qf6 17. Rac1 Bd7 18. a4 dxc5 19. Qxc5 Bxa4 20. Qxc7 Bb5 21. Rfe1 Nd6 22. Bb4 Rfc8 23. Qxd6 Qxd6 24. Bxd6 Bxe2 25. Be7 Rxc1 26. Rxc1 Bf8 27. Rc7 Bxe7 28. Rxe7 Rd8 29. h4 gxh4 30. Kh2 Bc4 31. Rxe5 a5 32. Kh3 a4 33. Kxh4 Rd6 34. Re7 Rb6 35. d6 Rxd6 36. Rxb7 Rd2 37. g4 Bb3 38. Kh5 Rxb2 39. Kxh6 Kf8 40. Ra7 Ra2 41. g5 a3 42. g6 Rh2+ 43. Kg5 a2 44. Kf6 Ke8 45. Bf5 Kd8 46. g7 Rg2 47. f4 Rg1 48. Rd7+ Ke8 49. Ra7 a1=Q+ 50. Rxa1 Rxa1 51. Bg6+ Kd8 52. f5 Bg8 53. Kg5 Ra5 54. Kf6 Ra6+ 55. Kg5 Ke7 56. Bh5 Rf6 57. Bg6 Rc6 58. Bh5 Rc5 59. Bg6 Bf7 60. Kh6 Rc1 0-1


[Site "https://www.chess.com"]